 Dungeon Crawl Stone Soup version 0.29.1-15-g9cfb28693d (webtiles) character file.

Game seed: 10334221128487863662

107 112233 the Trooper (level 4, -10/48 HPs)
             Began as an Ogre Gladiator on Feb 22, 2023.
             Mangled by an iguana (11 damage)
             ... on level 4 of the Dungeon.
             The game lasted 00:02:16 (3016 turns).

112233 the Trooper (Ogre Gladiator)                 Turns: 3016, Time: 00:02:16

Health: -10/48     AC:  3    Str: 18    XL:     4   Next: 85%
Magic:  4/4        EV: 10    Int:  9    God:
Gold:   84         SH:  0    Dex: 12    Spells: 3/3 levels left

rFire   . . .      SeeInvis .   p - +0 whip (elec)
rCold   . . .      Faith    .   (no shield)
rNeg    . . .      Spirit   .   b - +0 robe
rPois   .          Reflect  .   c - +0 hat
rElec   .          Harm     .   (no cloak)
rCorr   .          Rampage  .   (gloves unavailable)
Will    .....                   (boots unavailable)
Stlth   +.........              (no amulet)
HPRegen 0.16/turn               (no ring)
MPRegen 0.09/turn               (no ring)

@: about to teleport
A: large, unfitting armour, tough skin 1
a: no special abilities


You were on level 4 of the Dungeon.
You visited 1 branch of the dungeon, and saw 4 of its levels.

You collected 84 gold pieces.

Inventory:

Hand Weapons
 a - a +0 flail
 p - a +0 whip of electrocution (weapon)
Missiles
 d - 3 throwing nets (quivered)
 e - a large rock
 q - 7 poisoned darts
Armour
 b - a +0 robe (worn)
 c - a +0 hat (worn)
Scrolls
 f - 2 scrolls of identify
 g - 3 scrolls of enchant weapon {unknown}
 h - a scroll of butterflies {unknown}
 i - a scroll of teleportation
 k - a scroll of noise {unknown}
 o - a scroll of amnesia {unknown}
Potions
 j - 2 potions of brilliance {unknown}
 l - a potion of might {unknown}
 m - 2 potions of curing {unknown}
 n - a potion of attraction {unknown}


   Skills:
 + Level 4.0 Fighting
 * Level 3.8 Maces & Flails
 - Level 2.1 Throwing
 + Level 3.3 Dodging


You had 3 spell levels left.
You didn't know any spells.
Your spell library contained the following spells:

 Spells                   Type           Power      Damage    Failure   Level
 Necrotise                Necr           0%         1d4       38%         1
 Dazzling Flash           Conj/Hex       0%         N/A       77%         3
 Vampiric Draining        Necr           0%         2d6       77%         3
 Iskenderun's Mystic Bla  Conj/Tloc      0%         2d3       99%         4
 Agony                    Necr           0%         N/A       100%        5
 Starburst                Conj/Fire      0%         6d3       100%        6


Dungeon Overview and Level Annotations

Branches:
Dungeon (4/15)
 Temple: D:4-7

Altars:

Annotations:
D:2 1 runed translucent door, Crazy Yiuf


Innate Abilities, Weirdness & Mutations

You are too large for most types of armour.
You have tough skin. (AC +1)


Message History

The iguana hisses angrily.
An iguana is nearby!
An orc comes into view.
It is wielding a +0 flail and carrying a wand of iceblast (10).
The iguana closely misses you.
There are monsters nearby!
The orc shouts!
You hit the iguana but do no damage. The iguana bites you!
You closely miss the iguana. The iguana bites you.
You hit the iguana.
The iguana is lightly wounded.
An orc priest comes into view. It is wielding a +0 whip.
The iguana barely misses you.
You closely miss the iguana.
The iguana is lightly wounded.
The orc priest shouts!
You hear a shout!
The iguana bites you!
You are too injured to fight recklessly!
The iguana bites you!
* * * LOW HITPOINT WARNING * * *
The orc attacks as you move away! The orc hits you with a +0 flail.
* * * LOW HITPOINT WARNING * * *
The orc zaps a wand.
The mass of ice explodes!
The iceblast engulfs you.
* * * LOW HITPOINT WARNING * * *
You hear a shout!
Okay, then.
Unknown command.
As you read the scroll labelled MEKION IGG, it crumbles to dust.
It is a scroll of identify.
Really abort (and waste the scroll)? [Y]es or [N]o only, please.
Really abort (and waste the scroll)? [Y]es or [N]o only, please.
Really abort (and waste the scroll)?
i - 2 scrolls of teleportation The iguana barely misses you.
The orc priest looks encouraged for a moment.
Unknown command.
As you read the scroll of teleportation, it crumbles to dust.
You feel strangely unstable. The iguana bites you!
You die...

..................
##.###.............
#.######.........
#.....#.......#..
#####.#.###.#....
#.......#.#.#
###.##..#.#.#
#.##..#.#.#
#.##..#.#@# .
#.##).#.#l# ...
#.......#o##.....
#..#..#.o........
.....#..o#..##.....
#.## ##.....# ....
# ....#)..# ...
.#######.# .. #. .#
.


You could see an iguana, an orc priest and an orc.

Vanquished Creatures
  4 adders
  An ufetubus (D:4)
  A worm (D:2)
  An orc (D:3)
  7 ball pythons
  4 bats
  4 endoplasms
  3 giant cockroaches
  6 goblins
  7 hobgoblins
  2 jackals
  3 quokkas
  A frilled lizard (D:1)
  9 kobolds
  6 rats
59 creatures vanquished.

Vanquished Creatures (others)
  A plant (D:2)
1 creature vanquished.

Grand Total: 60 creatures vanquished

Notes
Turn   | Place    | Note
-------+----------+-------------------------------------------
     0 | D:1      | 112233 the Ogre Gladiator began the quest for the Orb.
     0 | D:1      | Reached XP level 1. HP: 22/22 MP: 1/1
   120 | D:2      | Reached skill level 3 in Fighting
   120 | D:2      | Reached XP level 2. HP: 30/31 MP: 2/2
   385 | D:2      | Reached XP level 3. HP: 21/37 MP: 3/3
   724 | D:1      | Found a faded altar of an unknown god.
  1832 | D:2      | Found a runed translucent door.
  1833 | D:2      | Noticed Crazy Yiuf
  1863 | D:2      | Reached XP level 4. HP: 39/45 MP: 4/4
  2540 | D:3      | Noticed a phantom
  2842 | D:4      | Reached skill level 4 in Fighting
  3013 | D:4      | HP: 1/48 [orc/iceblast (5)]
  3016 | D:4      | Mangled by an iguana

Illustrated notes

Levels and vault maps discovered:
D:1:      minmay_arrival_four_houses, layout_basic,
          chequers_ecumenical_altar_simple_redux, minmay_misc_feat_tiny,
          minivault_23, kennysheep_minor_cross, serial_bayou_pond_a,
          serial_bayou_pond_d, minmay_fountain_box, minmay_unequal
D:2:      layout_loops_ring, serial_rivers, chequers_serial_rivers_micro_c,
          chequers_serial_rivers_small_b, chequers_serial_rivers_micro_d,
          chequers_serial_rivers_small_b, chequers_serial_rivers_micro_d,
          chequers_serial_rivers_room_b, minmay_misc_feat_nine_boxes,
          chequers_big_river, uniq_crazy_yiuf_cottage
D:3:      layout_basic
D:4:      layout_basic, gup_sewer_entry_pipe

Skill      XL: |  1  2  3  4 |
---------------+-------------+-----
Fighting       | 3 4 |  4.0
Maces & Flails | 3 |  3.8
Dodging        | 3 |  3.3
Throwing       | |  2.1

Action                   |  1- 3 |  4- 6 || total
-------------------------+-------+-------++-------
Melee: Flail             |   102 |    60 ||   162
       Whip              |       |    16 ||    16
  Use: Scroll            |       |     2 ||     2
 Stab: Sleeping          |       |     2 ||     2
Armor: Robe              |    38 |    26 ||    64
Dodge: Dodged            |    62 |    64 ||   126
